 Dungeon Crawl Stone Soup version 0.29-a0-993-g4a18f31a58 (webtiles) character file.

Game seed: 15057847097792758504

129 Sobieck the Shooter (level 4, -1/36 HPs)
             Began as a Demigod Hunter on Aug 2, 2022.
             Slain by an orc
             ... wielding a +0 hand axe
              (7 damage)
             ... on level 3 of the Dungeon.
             The game lasted 00:04:08 (1419 turns).

Sobieck the Shooter (Demigod Hunter)                Turns: 1419, Time: 00:04:08

Health: -1/36      AC:  3    Str: 18    XL:     4   Next: 58%
Magic:  6/6        EV: 12    Int: 11    God:
Gold:   155        SH:  0    Dex: 21    Spells: 3/3 levels left

rFire   . . .      SeeInvis .   a - +0 shortbow {bow}
rCold   . . .      Faith    .   (shield currently unavailable)
rNeg    . . .      Spirit   .   c - +0 leather armour
rPois   .          Reflect  .   (no helmet)
rElec   .          Harm     .   (no cloak)
rCorr   .          Rampage  .   (no gloves)
Will    .....                   (no boots)
Stlth   ++........              p - amulet of regeneration {@e2}
HPRegen 0.92/turn               o - +6 ring of strength
MPRegen 0.10/turn               (no ring)

@: no status effects
A: high MP 1, forlorn, divine attributes
a: no special abilities


You were on level 3 of the Dungeon.
You visited 1 branch of the dungeon, and saw 3 of its levels.

You collected 155 gold pieces.


Innate Abilities, Weirdness & Mutations

You have an increased reservoir of magic. (+10% MP)
You shall have no god before yourself.
Your divine heritage dramatically boosts your attributes as you level up.


   Skills:
 - Level 1.7 Fighting
 + Level 5.7 Ranged Weapons
 - Level 1.7 Dodging
 - Level 0.8 Stealth


You had 3 spell levels left.
You didn't know any spells.
Your spell library contained the following spells:

 Spells                   Type           Power      Damage    Failure   Level
 Conjure Flame            Conj/Fire      0%         6-21      77%         3
 Ignite Poison            Fire/Tmut/Pois 0%         N/A       77%         3
 Sticky Flame             Conj/Fire      0%         2d3       99%         4

Inventory:

Hand Weapons
 a - a +0 shortbow (weapon) {bow}
Missiles
 e - 46 stones {throwing}
Armour
 c - a +0 leather armour (worn)
 f - a +0 scale mail
   (You found it on level 1 of the Dungeon)
 h - a +0 scale mail
   (You found it on level 1 of the Dungeon)
Jewellery
 o - a +6 ring of strength (left hand)
   (You found it on level 2 of the Dungeon)
 p - an amulet of regeneration (around neck) {@e2}
   (You found it on level 2 of the Dungeon)
Scrolls
 b - a scroll of immolation {!r!r}
 i - 3 scrolls of identify {unknown}
 j - a scroll of teleportation {unknown}
 k - a scroll of torment {unknown}
 l - a scroll of fog {unknown}
 q - a scroll of magic mapping {unknown}
 s - a scroll of enchant weapon {unknown}
Potions
 d - a potion of haste {unknown}
 g - 2 potions of resistance {unknown}
 m - a potion of experience {unknown}
 n - a potion of lignification {unknown}
 r - a potion of berserk rage {unknown}
 t - a potion of attraction {unknown}

Dungeon Overview and Level Annotations

Branches:
Dungeon (3/15) Zot: 16520

Shops:
D:2 (!:((

## .. #.. ..... . ...
.... . .. ..##......
.... #.....#... .....
#...{....#
......####.#..)...#
......#....#o...... ..
#..†...##.@o.$.#####..
#..#..............#...
# .####..#######....#
# .. ##.#.....#..##
##.#. ##.#.....#...#
#..#.##..'.._..#...+
........#.....#...#
.##..#..#.....#...#
##....#######....#


You could see 2 orcs.


Message History

You shoot an arrow. The arrow hits the adder!
You kill the adder!
You have reached level 4!
You now have 155 gold pieces (gained 7).
An adder comes into view.
Danger!
You shoot an arrow. The arrow hits the adder.
The adder hisses angrily.
An orc comes into view. It is wielding a +0 flail.
You shoot an arrow. The arrow closely misses the adder.
The orc shouts!
You shoot an arrow. The arrow hits the adder.
You shoot an arrow. The arrow closely misses the adder.
An orc priest comes into view. It is wielding a +0 short sword.
The adder bites you.
You are poisoned.
The adder poisons you!
You shoot an arrow. The arrow misses the adder.
The orc priest shouts!
You feel sick.
An orc comes into view. It is wielding a +0 hand axe.
The adder barely misses you.
Unknown command.
Fire: a) +0 shortbow {bow}
Press: ? - help, Q - select action, (/) - cycle Shift-Dir - straight line, f/p - adder
Aim: an adder (severely wounded, 48% to hit)
You shoot an arrow. The arrow hits the adder.
You kill the adder!
You feel sick.
The orc throws a boomerang.
The boomerang hits you. The orc barely misses you.
The orc throws a boomerang.
The boomerang barely misses you.
Fire: a) +0 shortbow {bow}
Press: ? - help, Q - select action, (/) - cycle Shift-Dir - straight line, f - orc
Aim: an orc, wielding a +0 flail (64% to hit)
You shoot an arrow. The arrow hits the orc.
You feel sick.
An orc comes into view. It is wielding a +0 short sword.
The orc closely misses you.
The orc priest invokes the aid of Beogh against you.
Beogh smites you!
* * * LOW HITPOINT WARNING * * *
Fire: a) +0 shortbow {bow}
Press: ? - help, Q - select action, (/) - cycle Shift-Dir - straight line, f/p - orc
Aim: an orc, wielding a +0 flail (severely wounded, 64% to hit)
You shoot an arrow. The orc shouts!
The arrow hits the orc!
You kill the orc!
You feel sick.
The orc throws a boomerang.
The boomerang barely misses you.
Fire: a) +0 shortbow {bow}
Press: ? - help, Q - select action, (/) - cycle Shift-Dir - straight line, f - orc priest
Aim: an orc priest, wielding a +0 short sword and wearing a +0 leather armour (64% to hit)
You shoot an arrow. The arrow hits the orc priest.
You feel sick.
You are no longer poisoned.
Fire: a) +0 shortbow {bow}
Press: ? - help, Q - select action, (/) - cycle Shift-Dir - straight line, f/p - orc priest
Aim: an orc priest, wielding a +0 short sword and wearing a +0 leather armour (moderately wounded, 64% to hit)
You shoot an arrow. The arrow hits the orc priest!
Fire: a) +0 shortbow {bow}
Press: ? - help, Q - select action, (/) - cycle Shift-Dir - straight line, f/p - orc priest
Aim: an orc priest, wielding a +0 short sword and wearing a +0 leather armour (almost dead, 64% to hit)
You shoot an arrow.
The arrow hits the orc priest but does no damage.
An orc wizard comes into view. It is wielding a +0 dagger.
The orc priest invokes the aid of Beogh against you.
Beogh smites you!
* * * LOW HITPOINT WARNING * * *
The orc wizard shouts!
Fire: a) +0 shortbow {bow}
Press: ? - help, Q - select action, (/) - cycle Shift-Dir - straight line, f/p - orc priest
Aim: an orc priest, wielding a +0 short sword and wearing a +0 leather armour (almost dead, 64% to hit)
You shoot an arrow. The arrow hits the orc.
Fire: a) +0 shortbow {bow}
Press: ? - help, Q - select action, (/) - cycle Shift-Dir - straight line, f/p - orc priest
Aim: an orc priest, wielding a +0 short sword and wearing a +0 leather armour (almost dead, 64% to hit)
You shoot an arrow. The arrow hits the orc priest!
You kill the orc priest!
Fire: a) +0 shortbow {bow}
Press: ? - help, Q - select action, (/) - cycle Shift-Dir - straight line, f - orc
Aim: an orc, wielding a +0 short sword and wearing a +0 leather armour (64% to hit)
You shoot an arrow.
The arrow hits the orc but does no damage.
The orc closely misses you.
Fire: a) +0 shortbow {bow}
Press: ? - help, Q - select action, (/) - cycle Shift-Dir - straight line, f/p - orc
Aim: an orc, wielding a +0 short sword and wearing a +0 leather armour (64% to hit)
You shoot an arrow. The arrow hits the orc.
The orc barely misses you. The orc closely misses you.
The orc hits you but does no damage. The orc hits you with a +0 short sword.
* * * LOW HITPOINT WARNING * * *
Fire: a) +0 shortbow {bow}
Press: ? - help, Q - select action, (/) - cycle Shift-Dir - straight line, f/p - orc
Aim: an orc, wielding a +0 short sword and wearing a +0 leather armour (moderately wounded, 64% to hit)
You shoot an arrow. The arrow hits the orc.
The orc wizard mumbles some strange words.
The orc wizard flickers and vanishes!
Deactivating autopickup; reactivate with Ctrl-A.
The orc hits you with a +0 hand axe!
You die...

Skill      XL: |  1  2  3 |
---------------+----------+-----
Ranged Weapons | 4 5 |  5.7
Fighting       | |  1.7
Dodging        | |  1.7
Stealth        | |  0.8

Action                   |  1- 3 |  4- 6 || total
-------------------------+-------+-------++-------
 Fire: Shortbow          |    91 |    16 ||   107
Armor: Leather armour    |     4 |     1 ||     5
Dodge: Dodged            |    16 |     8 ||    24

Levels and vault maps discovered:
D:1:      tarquinn_simple_flora_water_f, layout_rooms,
          dreamdust_ecumenical_altar_grove
D:2:      layout_basic, serial_shops, nicolae_diamond_shop,
          nicolae_shop_bloodbath_and_beyond, shop_fountains,
          nicolae_shop_window_shopping, shop, serial_bayou, serial_bayou_ford_a,
          serial_bayou_crossing, serial_bayou_pond_c, serial_bayou_pond_e,
          minmay_pentomino_x2
D:3:      layout_rooms, old_standard_altar, gammafunk_temple_overflow_statue,
          chequers_temple_overflow_statue_of_worship, amcnicky_altar_gilded,
          hangedman_decor_slide_cut, uniq_ijyb

Notes
Turn   | Place    | Note
-------+----------+-------------------------------------------
     0 | D:1      | Sobieck the Demigod Hunter began the quest for the Orb.
     0 | D:1      | Reached XP level 1. HP: 17/17 MP: 3/3
    72 | D:1      | Reached skill level 4 in Ranged Weapons
   125 | D:1      | Reached XP level 2. HP: 24/24 MP: 4/4
   461 | D:2      | Reached XP level 3. HP: 19/29 MP: 5/5
   581 | D:2      | You add the spells Conjure Flame, Ignite Poison and Sticky
                  | Flame to your library.
   653 | D:2      | Found Cyux's Distillery.
   670 | D:2      | Found Lothracro's Book Emporium.
   698 | D:2      | Found Cedoshumirph's Weapon Shop.
   726 | D:2      | Reached skill level 5 in Ranged Weapons
   912 | D:2      | Found Zibelite's Weapon Emporium.
   958 | D:2      | Found Baeff's Weapon Shoppe.
  1396 | D:3      | Reached XP level 4. HP: 36/36 MP: 6/6
  1414 | D:3      | HP: 5/36 [orc priest/divine providence (10)]
  1419 | D:3      | Slain by an orc

Vanquished Creatures
  An orc priest (D:3)
  6 adders
  3 dart slugs
  An orc (D:3)
  An endoplasm (D:1)
  3 giant cockroaches
  2 goblins (D:1)
  3 hobgoblins (D:1)
  3 quokkas
  3 ball pythons (D:1)
  4 bats
  2 frilled lizards
  3 kobolds
  7 rats
42 creatures vanquished.

Vanquished Creatures (others)
  A fungus (D:1)
  18 plants
19 creatures vanquished.

Grand Total: 61 creatures vanquished

Table legend:
 A = Non-vault XP
 B = Vault XP
 C = Vault XP percentage of total XP
 D = Non-vault monster count
 E = Vault monster count
 F = Vault count percentage of total count
                 A         B        C        D         E       F
            +---------+---------+-------+---------+---------+-------
      Total |     171 |      14 |   7.6 |      40 |       2 |   4.8
            +---------+---------+-------+---------+---------+-------
        D:1 |      40 |       1 |   2.4 |      22 |       1 |   4.3
        D:2 |      53 |      13 |  19.7 |      12 |       1 |   7.7
        D:3 |      78 |       0 |   0.0 |       6 |       0 |   0.0
            +---------+---------+-------+---------+---------+-------

Illustrated notes

Table legend:
 A = Kills in this place as a percentage of kills in entire the game.
 B = Kills by you in this place as a percentage of kills by you in the entire game.
 C = Kills by friends in this place as a percentage of kills by friends in the entire game.
 D = Other kills in this place as a percentage of other kills in the entire game.
 E = Experience gained in this place as a percentage of experience gained in the entire game.
 F = Experience gained in this place divided by the number of levels of this place that you have seen.
                   A       B       C       D       E      F
               +-------+-------+-------+-------+-------+----------------------
         Total | 100.0 | 100.0 |   N/A |   N/A | 100.0 |  61.7
       Dungeon | 100.0 | 100.0 |   N/A |   N/A | 100.0 |  61.7
               +-------+-------+-------+-------+-------+----------------------

Table legend: (Time is in decaauts)
 A = Elapsed time spent in this place.
 B = Non-inter-level travel time spent in this place.
 C = Inter-level travel time spent in this place.
 D = Time resting spent in this place.
 E = Time spent auto-exploring this place.
 F = Levels seen in this place.
 G = Mean time per level.
                   A        B        C        D        E       F      G
               +--------+--------+--------+--------+--------+-----+--------+
         Total |   1478 |   1447 |     31 |      0 |   1208 |   3 |  492.7 |
       Dungeon |   1478 |   1447 |     31 |      0 |   1208 |   3 |  492.7 |
               +--------+--------+--------+--------+--------+-----+--------+

Top non-repeatable levels by time:
     D:2: 906 daAuts
     D:1: 471 daAuts
     D:3: 100 daAuts
